[Event "*** Qualifier 2: Titled Tuesday 3|2 Blitz"]
[Site "Chess.com"]
[Date "2017.04.11"]
[Round "2"]
[White "Indianlad"]
[Black "Spartakus1975"]
[Result "1-0"]
[WhiteElo "2589"]
[BlackElo "2533"]
[TimeControl "180+2"]
[EndTime "13:23:00 PDT"]
[Termination "Indianlad won by resignation"]

1. d4 d5 2. c4 c6 3. Nf3 Nf6 4.
e3 a6 5. Nc3 Bf5 6. Nh4 Be6 7. Qb3 Ra7 8. Nf3 dxc4 9. Bxc4 Bxc4 10. Qxc4 e6 11. O-O Be7 12. e4 O-O 13. Qe2 Ra8 14.
Rd1 Nbd7 15. Bf4 Re8 16. h3 Rc8 17. Rac1 h6 18. a3 Qb6 19. Be3 Qa5 20. e5 Nd5 21.
Ne4 Qb5 22. Rd3 Nxe3 23. Rxe3 Qxe2 24. Rxe2 Nb6 25. Nc5 Bxc5 26. dxc5 Nd5 27. g3 Red8 28. Nd2 Ne7 29. Ne4 Rd5 30. Nd6 Rc7 31. Kg2 Rd7 32. Rc3 Nf5 33. f4 g5 34. Ne4 Kg7 35. Nd6 Kg6 36. fxg5 hxg5 37. h4 gxh4 38. gxh4 f6 39.
Nxf5 exf5 40. Rg3+ Kh6 41. exf6 Rf7 42. Re8 Kh7 43. Re6 Rxc5 44. Rg5 Rd5 45. Kf3 c5 46. Kf4 c4 47. Re7 Rd7 48. Rxf7+ Rxf7 49. Kxf5 Rc7 50. Ke6 Rc6+ 51. Ke7 Rc7+ 52. Ke8 Rc8+ 53. Kd7 Rf8 54. Ke7 Rc8 55. f7 Rc7+ 56. Ke8 Rc8+ 57. Kd7 1-0

[Event "*** Qualifier 2: Titled Tuesday 3|2 Blitz"]
[Site "Chess.com"]
[Date "2017.04.11"]
[Round "2"]
[White "FancyPlaySyndrome"]
[Black "Dulger"]
[Result "1-0"]
[WhiteElo "2397"]
[BlackElo "2269"]
[TimeControl "180+2"]
[EndTime "13:23:09 PDT"]
[Termination "FancyPlaySyndrome won by resignation"]

1. e4 c5 2. Nf3 d6 3. d4 cxd4 4.
Nxd4 Nf6 5. Nc3 a6 6. Be3 e6 7. f3 b5 8. Qd2 Bb7 9. O-O-O Nbd7 10.
Kb1 Nb6 11. Qf2 Nfd7 12. g4 Be7 13. h4 Rc8 14. a3 Rxc3 15. bxc3 Na4 16. Qe1 Qc7 17.
Bd2 d5 18. Bd3 Qc5 19. Nb3 Qxa3 20. Bc1 Qd6 21. Bb2 Nxb2 22. Kxb2 Nb6 23. Ra1 Bf6 24.
g5 Na4+ 25. Rxa4 bxa4 26. Nd4 Qb6+ 27. Ka2 Bxd4 28. cxd4 Qxd4 29. Qb1 Qa7 30. Qb4 Bc6 31. Rb1 Kd7 32. Qc3 d4 33. Qa5 Rc8 34. Rb4 f6 35. gxf6 gxf6 36. Qh5 Kd6 37. f4 Qc5 38. e5+ fxe5 39.
fxe5+ Qxe5 40. Qg4 Bd5+ 41. Kb2 Kc5 42. Rxa4 Rb8+ 43.
Ka3 Rb6 44. Qg8 Qd6 45. Qc8+ Bc6 46. Ka2 Qd5+ 47. Rc4+ Kd6 48. Qd8+ Ke5 49. Qxb6 Bb5 50. Kb3 a5 51. Qc5 Bxc4+ 52. Qxc4 a4+ 53. Kxa4 Qd7+ 54. Qb5+ Qxb5+ 55. Kxb5 h6 56. Kc5 1-0

[Event "*** Qualifier 2: Titled Tuesday 3|2 Blitz"]
[Site "Chess.com"]
[Date "2017.04.11"]
[Round "2"]
[White "donotreadit"]
[Black "jcgs1030"]
[Result "1-0"]
[WhiteElo "2513"]
[BlackElo "2292"]
[TimeControl "180+2"]
[EndTime "13:23:11 PDT"]
[Termination "donotreadit won by resignation"]

1. d4 Nf6 2. c4 c5 3. Nf3 cxd4 4. Nxd4 g6 5. Nc3 Bg7 6. e4 d6 7. Be2 O-O 8. Be3 Nc6 9. O-O Bd7 10.
Rc1 Nxd4 11. Bxd4 Bc6 12. f3 a5 13. Qd2 Nd7 14. Be3 Nc5 15. b3 Qb6 16. Rc2 Rfc8 17. Rb1 Qd8 18. g3 h5 19. Bf1 Kh7 20. Bh3 Rc7 21.
Rbc1 Qf8 22. Bg2 Bh6 23. f4 Bg7 24. h3 Bxc3 25. Qxc3 Nxe4 26. Bxe4 Bxe4 27. Re2 Bf5 28. Kh2 b5 29. Bb6 Rc6 30. c5 dxc5 31. Bxc5 Rac8 32. b4 Qe8 33. a3 axb4 34. axb4 e6 35. Qf3 Rd8 36. g4 hxg4 37. hxg4 Bd3 38. Rd2 Bc4 39. Qh3+ Kg7 40. Bd4+ e5 41. Bxe5+ f6 42. Rxd8 Qxd8 43. Bc3 Qd6 44. Qg3 Rc8 45. g5 Rh8+ 46. Kg2 Bd5+ 47. Kf2 Qb6+ 48. Ke2 Bc4+ 49. Kd2 Rd8+ 50. Kc2 Rd3 51.
gxf6+ Kf7 52. Qh2 Qe3 53. Qh7+ Ke6 54. Qe7+ Kf5 55. Qe5+ Kg4 56. Qg5+ Kf3 57. Rf1+ Ke2 58. Qg2+ 1-0

[Event "*** Qualifier 2: Titled Tuesday 3|2 Blitz"]
[Site "Chess.com"]
[Date "2017.04.11"]
[Round "2"]
[White "PelinGorki"]
[Black "Cecile_Haussernot"]
[Result "0-1"]
[WhiteElo "2366"]
[BlackElo "2274"]
[TimeControl "180+2"]
[EndTime "13:23:12 PDT"]
[Termination "Cecile_Haussernot won by resignation"]

1. e4 c5 2. Nf3 d6 3. d4 cxd4 4.
Nxd4 Nf6 5. Nc3 a6 6. Bg5 e6 7.
f4 Be7 8. Qf3 Nc6 9. O-O-O Nxd4 10. Rxd4 Qb6 11. Rd1 Bd7 12. e5 dxe5 13. fxe5 Bc6 14.
Qh3 Nd5 15. Bxe7 Nxe7 16. Bd3 Qc7 17. Rhe1 O-O-O 18. Qg4 g6 19. Qg5 Rd4 20. Be4 Rxd1+ 21. Rxd1 Rd8 22. Rf1 Nf5 23. Qf4 Rd4 24. Re1 f6 25. g4 fxe5 26. Qf2 Bxe4 27. Rxe4 Rxe4 28. Nxe4 Qc6 29. gxf5 Qxe4 30. f6 Qh1+ 31. Kd2 Qd5+ 32. Ke2 Qc4+ 33. Kf3 Kd7 34. Qb6 Qf4+ 35. Kg2 Qg4+ 36.
Kf2 Qd4+ 37. Qxd4+ exd4 38. Kf3 Ke8 39. Ke4 Kf7 40. Kxd4 Kxf6 41. a4 e5+ 42. Ke4 Ke6 43. b4 g5 44. c4 g4 45. Ke3 h5 46. Kf2 h4 47. Kg2 e4 48. Kf2 Ke5 49. Kf1 Kd4 50. c5 Kc4 0-1

[Event "*** Qualifier 2: Titled Tuesday 3|2 Blitz"]
[Site "Chess.com"]
[Date "2017.04.11"]
[Round "2"]
[White "Tolya2"]
[Black "maciek_92"]
[Result "0-1"]
[WhiteElo "2324"]
[BlackElo "2506"]
[TimeControl "180+2"]
[EndTime "13:23:12 PDT"]
[Termination "maciek_92 won by resignation"]

1. Nf3 Nf6 2. d4 g6 3. g3 Bg7 4. Bg2 O-O 5. O-O d6 6. b3 Nbd7 7.
Bb2 c6 8. Nbd2 Qc7 9. e4 a5 10.
a4 Re8 11. Re1 e5 12. dxe5 Nxe5 13. Nxe5 dxe5 14. Nc4 Bg4 15. Qd6 Qxd6 16. Nxd6 Re7 17. h3 Bc8 18. Rad1 Nd7 19. Nxc8 Rxc8 20. Ba3 c5 21.
Bf1 b6 22. Ba6 Rb8 23. Bb5 Nf8 24. Bc4 h5 25. Kg2 Rbb7 26. Bc1 Red7 27. Kf3 Bf6 28. Ke2 Rxd1 29. Rxd1 Rd7 30. Rxd7 Nxd7 31. f4 h4 32. fxe5 Bxe5 33. g4 Kg7 34. Bb5 Nf8 35. Bc4 Kf6 36. Kf3 g5 37. Bd2 Ng6 38. Bd5 Bd6 39.
Bc3+ Ke7 40. Bd2 Bf4 41. Bc3 Be5 42. Bd2 f6 43. Ke2 Bf4 44. Bc3 Be5 45. Bd2 Kd6 46.
Kd3 Bf4 47. Bc3 Be5 48. Bd2 Kc7 49. Be6 Bd4 50. Bf5 Ne5+ 51. Ke2 Kd6 52. c3 Bg1 53.
Kf1 Bh2 54. b4 Nc4 55. Be1 Be5 56. Ke2 Nb2 57. bxa5 bxa5 58. c4 Nxc4 59. Kd3 Nb2+ 60. Kc2 Nxa4 61. Bxa5 c4 62. Bg6 Bd4 63. Bf7 Kc5 64.
Bd8 Nc3 65. Be7+ Kb5 66. Be8+ Kb6 67. Bf7 Nxe4 68. Bxc4 Nf2 69. Bf1 Kc6 70. Bg2+ Kd7 71. Bb4 Ke6 72. Kd2 Ke5 73. Ba5 Kf4 74. Ke2 Kg3 75. Bf1 Nxh3 76. Bxh3 Kxh3 77. Kf3 f5 78. gxf5 g4+ 79. Ke4 g3 80. Kxd4 g2 81. f6 g1=Q+ 82.
Ke5 Qa1+ 83. Ke6 Qxa5 84. f7 Qa3 0-1

[Event "*** Qualifier 2: Titled Tuesday 3|2 Blitz"]
[Site "Chess.com"]
[Date "2017.04.11"]
[Round "2"]
[White "GamayevOleg"]
[Black "Vrolijk"]
[Result "1/2-1/2"]
[WhiteElo "2405"]
[BlackElo "2283"]
[TimeControl "180+2"]
[EndTime "13:23:13 PDT"]
[Termination "Game drawn by repetition"]

1. Nf3 Nf6 2. e3 g6 3. b3 Bg7 4.
Bb2 O-O 5. Be2 d6 6. d4 c5 7. Nbd2 Nc6 8. O-O cxd4 9. Nxd4 Bd7 10. c4 Rc8 11. Bf3 h5 12. h3 Qc7 13. Rc1 Qb8 14. Qc2 d5 15. Qb1 e5 16. Nxc6 bxc6 17. cxd5 cxd5 18. Rxc8 Bxc8 19. Rc1 Re8 20. Be2 Bf5 21.
Bd3 Bd7 22. Bf1 Qb6 23. Nf3 Bf5 24. Qa1 Nd7 25. Nh4 Be4 26. Be2 d4 27. exd4 exd4 28.
Bf3 Bf6 29. Bxe4 Rxe4 30. Nf3 d3 31. Bxf6 Nxf6 32. Rd1 Re2 33. Nd4 Ne4 34. Rxd3 Nxf2 35. Nxe2 Nxd3+ 36. Qd4 Qxd4+ 37. Nxd4 Kg7 38. a4 Nc5 39. a5 Nd3 40. Nc6 a6 41. b4 Nf4 42.
Nb8 Kf6 43. Nxa6 Ke7 44. b5 Kd6 45. b6 Kc6 46. Nb4+ Kb7 47. h4 Ne6 48. Nd3 Ka6 49. Ne5 Nd8 50. Kf2 Kxa5 51. b7 Nxb7 52. Nxf7 Kb5 53. Ne5 Kc5 54. Nxg6 Nd6 55. Nf4 Ne4+ 56. Ke3 Nf6 57. Nh3 Kd5 58. Kf4 Ke6 59. Kg5 Ke5 60.
g3 Ne4+ 61. Kxh5 Nxg3+ 62. Kg4 Ne4 63. Ng5 Nf6+ 64. Kg3 Kf5 65. Nf3 Ne4+ 66. Kh3 Nf2+ 67. Kg2 Ne4 68. Kh3 Nf2+ 69. Kg3 Ne4+ 70. Kh3 1/2-1/2

[Event "*** Qualifier 2: Titled Tuesday 3|2 Blitz"]
[Site "Chess.com"]
[Date "2017.04.11"]
[Round "2"]
[White "MITerryble"]
[Black "Ginger_GM"]
[Result "1-0"]
[WhiteElo "2662"]
[BlackElo "2437"]
[TimeControl "180+2"]
[EndTime "13:23:14 PDT"]
[Termination "MITerryble won by resignation"]

1. d4 e6 2. Nf3 f5 3. c4 Nf6 4.
Nc3 Be7 5. h3 O-O 6. Qc2 d6 7.
g4 Nc6 8. gxf5 e5 9. d5 Nb4 10. Qb3 a5 11. a3 Na6 12. e4 Nc5 13. Qc2 a4 14. Be3 Ncxe4 15. Nxe4 Nxe4 16. Bd3 Nf6 17. Nd2 c6 18. Rg1 cxd5 19. cxd5 Kh8 20. Bc4 Bd7 21. Qd3 Rc8 22. Bb5 e4 23. Qe2 Bxf5 24. Bd4 Qa5 25. Rg5 Bg6 26. Kf1 Nh5 27. Rxh5 Bxh5 28. Qxh5 Qxb5+ 29. Kg1 Qd3 30. Be3 Bf6 31. Qg4 Rfe8 32. Rd1 Qc2 33. Nf1 Qxb2 34. Ng3 Qxa3 35. Nf5 Qb3 36. Nxd6 a3 37. Nxc8 a2 38. Nd6 Rf8 39. Nxe4 a1=Q 40.
Rxa1 Bxa1 41. d6 Qd5 42. d7 Be5 43. Nc5 Bc7 44. Ne6 Qe5 45. Nxf8 Qh2+ 46. Kf1 Qh1+ 47. Ke2 1-0

[Event "*** Qualifier 2: Titled Tuesday 3|2 Blitz"]
[Site "Chess.com"]
[Date "2017.04.11"]
[Round "2"]
[White "proxy6"]
[Black "FearNoEvil12"]
[Result "1-0"]
[WhiteElo "2220"]
[BlackElo "2088"]
[TimeControl "180+2"]
[EndTime "13:23:16 PDT"]
[Termination "proxy6 won on time"]

1. e4 a6 2. d4 b5 3. Nc3 Bb7 4.
f3 e6 5. Be3 Nf6 6. Qd2 d6 7.
O-O-O Nbd7 8. g4 h6 9. h4 c5 10.
dxc5 dxc5 11. Nh3 Nb6 12. Qxd8+ Rxd8 13. Be2 Rxd1+ 14. Rxd1 Nfd7 15. Nf4 Be7 16. Bf2 g5 17. hxg5 Bxg5 18. Be3 h5 19. gxh5 Bxf4 20. Bxf4 Rxh5 21.
Rg1 Ke7 22. Nd1 e5 23. Bg5+ f6 24. Be3 Rh7 25. Nf2 Ke6 26. c3 Bc6 27. b3 a5 28.
Nd3 c4 29. Nc5+ Nxc5 30. Bxc5 Nd7 31. Be3 cxb3 32. axb3 a4 33. bxa4 bxa4 34. Bc4+ Kd6 35.
Rd1+ Kc7 36. Kb2 Rh3 37. Rd3 Nb6 38. Bxb6+ Kxb6 39. Ka3 Kc5 40. Be6 Rh1 41. Rd8 Ra1+ 42. Kb2 Rf1 43. Rc8 Kd6 44. Bg4 Bb5 45. c4 Bc6 46. c5+ Kxc5 47. Bd7 Rxf3 48. Rxc6+ Kd4 49.
Bf5 a3+ 50. Ka2 Re3 51. Ra6 Kc5 52. Rxa3 Re2+ 53. Kb3 Kd4 54. Ra6 1-0

[Event "*** Qualifier 2: Titled Tuesday 3|2 Blitz"]
[Site "Chess.com"]
[Date "2017.04.11"]
[Round "2"]
[White "MFBerna"]
[Black "djano"]
[Result "0-1"]
[WhiteElo "2114"]
[BlackElo "2256"]
[TimeControl "180+2"]
[EndTime "13:23:19 PDT"]
[Termination "djano won by resignation"]

1. e4 g6 2. d4 Bg7 3. Nf3 d6 4.
Nc3 Nf6 5. h3 O-O 6. Bg5 Nc6 7.
Bb5 h6 8. Bh4 a6 9. Bxc6 bxc6 10. O-O Rb8 11. Rb1 Qe8 12. Re1 e5 13. Bg3 Nh5 14.
Bh2 exd4 15. Nxd4 Bd7 16. Re3 Rb4 17. Nde2 Qb8 18. b3 Re8 19. Qd3 a5 20. Re1 Nf6 21. Rf3 Nxe4 22. Nxe4 Rbxe4 23. Re3 Rxe3 24. fxe3 Qb4 25.
c3 Qa3 26. Qd2 c5 27. Nf4 Bc6 28. Bg3 a4 29. Nd5 axb3 30. axb3 Qxb3 31. e4 Bxd5 32.
exd5 Rxe1+ 33. Bxe1 Qc4 34. Qd1 h5 35. Qf3 Be5 36. Bd2 Kg7 37. Be1 Bf6 38. Bd2 h4 39.
Bh6+ Kxh6 40. Qxf6 Qxd5 41. Qxh4+ Kg7 42. Qe7 c6 43. Qd7 c4 44. Qe7 c5 45. h4 Qe5 46.
Qd7 Qe1+ 47. Kh2 Qxh4+ 48. Kg1 Qe1+ 49. Kh2 Qe5+ 50. Kg1 d5 51. Qd8 d4 52. Qc8 d3 53. Qd7 Qe1+ 54. Kh2 d2 55. Qxf7+ Kxf7 56. g4 d1=Q 0-1

[Event "*** Qualifier 2: Titled Tuesday 3|2 Blitz"]
[Site "Chess.com"]
[Date "2017.04.11"]
[Round "2"]
[White "GMHess"]
[Black "rasmussvane"]
[Result "1-0"]
[WhiteElo "2608"]
[BlackElo "2522"]
[TimeControl "180+2"]
[EndTime "13:23:28 PDT"]
[Termination "GMHess won by resignation"]

1. d4 Nf6 2. c4 e6 3. Nc3 Bb4 4.
Qc2 O-O 5. a3 Bxc3+ 6. Qxc3 b6 7. Nf3 Bb7 8. g3 c5 9. Bg2 cxd4 10. Qxd4 Nc6 11. Qh4 d5 12. cxd5 Nxd5 13. Bg5 Qd6 14. O-O Ne5 15. Rfd1 Nxf3+ 16. Bxf3 Qe5 17. Rd2 Rac8 18. Rad1 Bc6 19. e4 Nf6 20. Bf4 Qa5 21. Bd6 Rfd8 22. Bb4 Rxd2 23. Bxa5 Rxd1+ 24. Bxd1 bxa5 25. f3 Rd8 26. Be2 Rd2 27. Bf1 h6 28. Qf4 Rxb2 29. Qc7 Rc2 30. Qxa5 Rc1 31. Qd2 Rc5 32. Qd8+ Kh7 33.
Qd4 Rc1 34. Qb2 Rc5 35. Qb4 Rc1 36. Qd2 Rc5 37. Bd3 e5 38. Qb4 Rc1+ 39. Kf2 Be8 40. Qb2 Rc5 41. Qb8 Ra5 42. Qb4 Ra4 43. Qe7 Ra5 44.
h4 h5 45. Bc4 Kg6 46. Ke3 Ra4 47. Bb3 Ra6 48. a4 Rb6 49. Bc4 Rc6 50. Bd3 Re6 51. Qxa7 Rc6 52. Qe7 Re6 53. Qb4 Ng8 54. a5 Ne7 55. a6 Nc6 56. Qc5 Re7 57. Bb5 Rc7 58. Qd6+ f6 59. Qxc7 1-0

[Event "*** Qualifier 2: Titled Tuesday 3|2 Blitz"]
[Site "Chess.com"]
[Date "2017.04.11"]
[Round "2"]
[White "rpragchess"]
[Black "Ilja_Semjonovs"]
[Result "0-1"]
[WhiteElo "2121"]
[BlackElo "2177"]
[TimeControl "180+2"]
[EndTime "13:23:28 PDT"]
[Termination "Ilja_Semjonovs won by resignation"]

1. Nf3 Nf6 2. g3 g6 3. b3 Bg7 4. Bb2 b6 5. Bg2 Bb7 6. O-O O-O 7. c4 c5 8. Nc3 Nc6 9. d4 cxd4 10. Nxd4 Qc8 11.
Nd5 Nxd5 12. cxd5 Nxd4 13. Bxd4 Bxd4 14. Qxd4 d6 15. Rac1 Qd7 16. h4 Rac8 17. Kh2 Qb5 18. e4 Rxc1 19. Rxc1 Rc8 20. Rxc8+ Bxc8 21. b4 Ba6 22. a3 Qc4 23. Qe3 Qd3 24. Qc1 Qc4 25.
Qa1 Qe2 26. Kg1 Bd3 27. Qd4 Qc2 28. h5 Qd1+ 29. Kh2 Qxh5+ 30. Kg1 Qd1+ 31. Kh2 Qc2 32. Bf3 Qc4 33. Qe3 Bf1 34. Kg1 Bh3 35. Be2 Qc2 36.
g4 Qb1+ 37. Kh2 Bf1 38. Bf3 Qd3 39. Qf4 Qd4 40. Kg1 Bc4 41. Qc1 b5 42. Kg2 Kg7 43. g5 Bd3 44. Qd2 Qc4 45. Qe3 Bc2 46. Kg3 Qd3 47.
Qc1 Bb3 48. Kg2 Bc4 49. Kg3 Qd4 50. Qc2 Qe5+ 51. Kg4 Qd4 52. Qc1 Bxd5 53. Qf4 Be6+ 54. Kg3 Qe5 55. Qxe5+ dxe5 56. Be2 a6 57. Kf3 f6 58.
gxf6+ exf6 59. Ke3 Kf8 60. Kd2 Ke7 61. Kc3 Kd6 62. a4 Bd7 63. a5 h5 64. Kd2 h4 65.
Bf3 g5 66. Ke3 f5 67. Be2 f4+ 68. Kd2 g4 69. Bf1 h3 70. Ke2 f3+ 71. Ke3 h2 0-1

[Event "*** Qualifier 2: Titled Tuesday 3|2 Blitz"]
[Site "Chess.com"]
[Date "2017.04.11"]
[Round "2"]
[White "johnathan113"]
[Black "Kacparov"]
[Result "1-0"]
[WhiteElo "2420"]
[BlackElo "2569"]
[TimeControl "180+2"]
[EndTime "13:23:29 PDT"]
[Termination "johnathan113 won by checkmate"]

1. g3 d5 2. Nf3 c6 3. Bg2 Bg4 4. O-O Nd7 5. d3 e5 6. Nbd2 Ngf6 7. e4 dxe4 8. dxe4 Qc7 9. h3 Bxf3 10. Qxf3 Be7 11.
Qe2 O-O 12. b3 Rad8 13. Bb2 Rfe8 14. a4 Nf8 15. Nc4 N6d7 16. f4 Bc5+ 17. Kh1 Bd4 18.
c3 Bc5 19. b4 Be7 20. Rad1 Bf6 21. f5 Nb6 22. a5 Nxc4 23. Qxc4 a6 24. Qe2 c5 25.
Rxd8 Rxd8 26. Rd1 cxb4 27. Rxd8 Qxd8 28. cxb4 Qc7 29. Kh2 Nd7 30. Bf1 Nb8 31. Qc4 Qd7 32.
Qd5 Qc7 33. b5 h5 34. bxa6 bxa6 35. Bc4 Nc6 36. Bc3 Qb7 37. h4 Qc7 38. Bxa6 Ne7 39. Qc4 Qd6 40. Qd3 Qa3 41. Bd2 Qa2 42. Bc4 Qa1 43. a6 Nc6 44. Qd5 Nd8 45. Bg5 Bxg5 46. hxg5 Qb2+ 47. Kh3 Qa1 48. Qxd8+ Kh7 49. g6+ Kh6 50.
Qd2# 1-0

[Event "*** Qualifier 2: Titled Tuesday 3|2 Blitz"]
[Site "Chess.com"]
[Date "2017.04.11"]
[Round "2"]
[White "amaidel"]
[Black "Kozok"]
[Result "1/2-1/2"]
[WhiteElo "2461"]
[BlackElo "2281"]
[TimeControl "180+2"]
[EndTime "13:23:30 PDT"]
[Termination "Game drawn by repetition"]

1. e4 c5 2. Nf3 e6 3. c3 d5 4.
exd5 exd5 5. d4 Nf6 6. Be2 Nc6 7. O-O Be7 8. dxc5 Bxc5 9. Nbd2 O-O 10. Nb3 Be7 11.
Nfd4 Nxd4 12. Nxd4 Qc7 13. Bf3 Rd8 14. Re1 Bc5 15. Bg5 Qb6 16. Qd2 Bxd4 17. cxd4 Bf5 18.
Re5 Be4 19. Bxe4 dxe4 20. Bxf6 Qxf6 21. Rxe4 Rd7 22. Rae1 h6 23. Re8+ Rxe8 24. Rxe8+ Kh7 25. Re4 g6 26. Rf4 Qe6 27. Rh4 h5 28. a3 Kg7 29.
g3 b6 30. Qe3 Qxe3 31. fxe3 Rc7 32. Rf4 f5 33. Rf2 Rc1+ 34. Kg2 Kf6 35. h4 Ke6 36. Kf3 a5 37. Kf4 Kd5 38. Kg5 Rc6 39. Kf4 a4 40. Re2 b5 41. Rd2 Rc4 42. Rd3 Rc2 43.
Rc3 Rxb2 44. Kg5 Rg2 45. Kxg6 Ke4 46. Kxh5 Rxg3 47. Rc5 Rxe3 48. Rxb5 Rxa3 49. d5 f4 50. d6 f3 51. Rb4+ Ke5 52. d7 Rd3 53. Rxa4 Rxd7 54. Kg4 f2 55. Ra1 Rf7 56. Rf1 Rf4+ 57. Kg5 Rf5+ 58. Kg6 Rf6+ 59. Kg5 Rf5+ 60. Kg6 Rf6+ 61.
Kg5 Rf5+ 1/2-1/2

[Event "*** Qualifier 2: Titled Tuesday 3|2 Blitz"]
[Site "Chess.com"]
[Date "2017.04.11"]
[Round "2"]
[White "Entilza"]
[Black "alturas_pacificas"]
[Result "1/2-1/2"]
[WhiteElo "2185"]
[BlackElo "2129"]
[TimeControl "180+2"]
[EndTime "13:23:42 PDT"]
[Termination "Game drawn by agreement"]

1. d4 d5 2. c4 c6 3. Nc3 Nf6 4. Nf3 e6 5. e3 Nbd7 6. Qc2 Bd6 7. Bd3 dxc4 8. Bxc4 b5 9. Bd3 Bb7 10. e4 e5 11.
dxe5 Nxe5 12. Nxe5 Bxe5 13. f4 Bd4 14. Ne2 Ng4 15.
Nxd4 Qxd4 16. h3 O-O-O 17. hxg4 Qxd3 18. Qxd3 Rxd3 19. Ke2 Rd4 20. e5 h6 21. Be3 Rb4 22.
b3 g5 23. g3 gxf4 24. gxf4 Rg8 25. Rag1 a5 26. Rxh6 a4 27. Bd2 Rd4 28. g5 Rgd8 29.
Be3 Re4 30. g6 fxg6 31. Rhxg6 axb3 32. axb3 Rb4 33. Rb1 Re4 34. Rg3 Rh8 35. Rbg1 Rh2+ 36. R1g2 Rxg2+ 37. Rxg2 c5 38. Rg8+ Kd7 39. Rg7+ Kc6 40.
Kd3 Rb4 41. Kc3 Re4 42. Bd2 b4+ 43. Kc2 Ba6 44. Rg6+ Kb7 45. Rd6 Re2 46. e6 Bb5 47.
f5 Kc7 48. Rd5 Kc6 49. Rd8 c4 50. bxc4 Bxc4 51. Kc1 b3 52. Kb2 Kc7 53. Rd4 Bxe6 54. fxe6 Rxe6 55. Bf4+ Kc6 56. Kxb3 Kc5 57. Rd2 Kc6 58.
Bg3 Re3+ 59. Kc4 Rxg3 60. Rf2 Rg4+ 61. Kc3 Kd5 1/2-1/2

[Event "*** Qualifier 2: Titled Tuesday 3|2 Blitz"]
[Site "Chess.com"]
[Date "2017.04.11"]
[Round "2"]
[White "Konavets"]
[Black "SmoothAsAHedgehog"]
[Result "1/2-1/2"]
[WhiteElo "2609"]
[BlackElo "2526"]
[TimeControl "180+2"]
[EndTime "13:23:43 PDT"]
[Termination "Game drawn by agreement"]

1. d4 Nf6 2. c4 e6 3. g3 Bb4+ 4. Bd2 Qe7 5. Bg2 Nc6 6. Nf3 Bxd2+ 7. Nbxd2 O-O 8. O-O d6 9. e4 e5 10. d5 Nb8 11. a3 a5 12. b4 Na6 13. Qb3 c6 14.
Rac1 axb4 15. axb4 c5 16. b5 Nb4 17. Ne1 Bd7 18.
Nd3 Nxd3 19. Qxd3 Ra7 20. Ra1 Rfa8 21. Qc3 Qd8 22. f4 exf4 23. Rxa7 Rxa7 24. gxf4 Qa5 25.
Qxa5 Rxa5 26. e5 Ne8 27. Ne4 Ra4 28. Rc1 Kf8 29. b6 Ke7 30. Bf1 Ra5 31. Re1 Bf5 32. Ng3 Bd7 33. exd6+ Kd8 34. Ne4 Bf5 35. Nd2 Nxd6 36.
Nb3 Ra6 37. Nxc5 Rxb6 38. Rc1 Rb2 39. Na4 Rb4 40. Nc3 Nxc4 41. Na2 Rb2 42. Bxc4 b5 43. Bxb5 Rxa2 44. d6 Bd7 45. Bxd7 Kxd7 46. Rc7+ Kxd6 47. Rxf7 Ra4 48. Kg2 Ke6 49. Rxg7 Rxf4 50. Rxh7 Kf6 51. Kg3 Rb4 52. Rc7 Kg6 53. Rc5 Rb3+ 54. Kf4 Rb4+ 55. Ke5 Rh4 56. Rc2 Rb4 57. Rg2+ Kh5 58. Kf5 Rb5+ 59.
Kf6 Kh4 1/2-1/2

[Event "*** Qualifier 2: Titled Tuesday 3|2 Blitz"]
[Site "Chess.com"]
[Date "2017.04.11"]
[Round "2"]
[White "prochn"]
[Black "Vamostodorecto"]
[Result "1-0"]
[WhiteElo "2238"]
[BlackElo "2335"]
[TimeControl "180+2"]
[EndTime "13:23:44 PDT"]
[Termination "prochn won by resignation"]

1. d4 d5 2. c4 Nc6 3. cxd5 Qxd5 4.
Nf3 e5 5. Nc3 Bb4 6. dxe5 Qxd1+ 7.
Kxd1 Bxc3 8. bxc3 Bg4 9. Bf4 O-O-O+ 10. Kc2 Nge7 11. e3 Bf5+ 12. Kb2 Ng6 13. Bb5 Na5 14. Rad1 h6 15. Kc1 Be4 16. Rxd8+ Rxd8 17. Rd1 Bd5 18. Rd2 a6 19. Be2 b5 20. Bg3 c6 21. Nh4 Nxh4 22. Bxh4 Re8 23. f4 g5 24. fxg5 hxg5 25. Bxg5 Rxe5 26. Bf4 Re6 27. Bg4 Nc4 28. Rf2 Kb7 29.
Bxe6 Bxe6 30. h3 Nb6 31. g4 Nd5 32. Kb2 b4 33. cxb4 Nxb4 34. Ka1 a5 35. Rg2 a4 36. h4 a3 37. Bd6 Bd5 38. Rd2 Na6 39. Bxa3 Bf3 40. Bd6 Bxg4 41. e4 c5 42. Rg2 Bf3 43. Rf2 Bxe4 44. Rxf7+ Kc6 45. Rf6 Nb4 46. Bf8+ Kb5 47. h5 Ka4 48. Bxc5 Nc2+ 49. Kb2 Kb5 50. Rf4 Bh7 51. Bf8 Ne1 52. Rf7 Bg8 53. Rg7 Bc4 54. h6 Nd3+ 55. Kc3 Ne5 56. h7 Nf7 57. Rxf7 1-0

[Event "*** Qualifier 2: Titled Tuesday 3|2 Blitz"]
[Site "Chess.com"]
[Date "2017.04.11"]
[Round "2"]
[White "MasterLeif"]
[Black "pKiLz5Rn9b"]
[Result "0-1"]
[WhiteElo "2312"]
[BlackElo "2509"]
[TimeControl "180+2"]
[EndTime "13:23:53 PDT"]
[Termination "pKiLz5Rn9b won by resignation"]

1. d4 Nf6 2. c4 e6 3. Nf3 b6 4.
g3 Bb7 5. Bg2 Be7 6. O-O O-O 7.
Nc3 Ne4 8. Bd2 d5 9. cxd5 exd5 10.
Rc1 Na6 11. Ne5 c5 12. Nxe4 dxe4 13. dxc5 Nxc5 14. Bc3 Bf6 15. b4 Qe7 16. bxc5 Bxe5 17. c6 Ba6 18. Qd7 Rfe8 19. Qxe7 Rxe7 20. Bxe5 Rxe5 21. Rfd1 f5 22. c7 Rc8 23. Rd8+ Kf7 24.
g4 g6 25. gxf5 gxf5 26. Bh3 Ke7 27. Rxc8 Bxc8 28. Rc6 Re6 29. Rc1 Rf6 30. Kf1 Kd6 31. Ke1 Rf7 32. Rd1+ Kxc7 33. Rd5 Be6 34. Re5 Kd6 35.
Rb5 Bxa2 36. Bxf5 Bc4 37. Rb4 Rxf5 38. Rxc4 Re5 39. Kd2 a5 40. Ke3 b5 41. Rxe4 Rh5 42.
h4 a4 43. Kd2 Rc5 44. Re8 a3 45. Ra8 b4 46. e4 Ke5 47. f3 Kd4 48. Rd8+ Kc4 49.
Ra8 Rh5 50. f4 Rxh4 51. Ke3 Rh3+ 52. Kf2 Kd4 53. e5 a2 54. e6 Rh6 55. Rxa2 Rh2+ 56.
Kf3 Rxa2 57. f5 Ke5 58. e7 Ra8 59. e8=Q+ 0-1

[Event "*** Qualifier 2: Titled Tuesday 3|2 Blitz"]
[Site "Chess.com"]
[Date "2017.04.11"]
[Round "2"]
[White "MaxLeto"]
[Black "TenisMaster"]
[Result "0-1"]
[WhiteElo "2353"]
[BlackElo "2646"]
[TimeControl "180+2"]
[EndTime "13:24:06 PDT"]
[Termination "TenisMaster won on time"]

1. d4 Nf6 2. Nf3 e6 3. Bf4 b6 4. e3 Be7 5. h3 c5 6. c3 O-O 7. Nbd2 Ba6 8. Bxa6 Nxa6 9. Qe2 Qc8 10. O-O cxd4 11. exd4 Qb7 12. Rfe1 Nc7 13. Bh2 d6 14. Nc4 Rfd8 15. a4 Bf8 16. Bg3 Ncd5 17. Nfd2 a6 18. Bh4 Rdc8 19. Qf3 Rab8 20. Na3 b5 21. axb5 axb5 22. Nc2 Nd7 23. Ne4 N7b6 24. Qg3 Qc6 25. Ra3 Nc4 26. Rb3 h6 27. Nb4 Nxb4 28. Rxb4 d5 29. Nf6+ Kh8 30. Nh5 Qc7 31. Rb3 Qxg3 32. Bxg3 Rb7 33. Re2 Ra8 34. Nf4 Ra1+ 35. Kh2 Na5 36.
Rb4 Bxb4 37. cxb4 Nc6 38. Nd3 Nxd4 39. Rd2 Nf5 40. Be5 f6 41. Nc5 Re7 42. Bf4 e5 43. Bg3 d4 44. f3 Rc1 45. Bf2 Nd6 46. f4 Nc4 47. Re2 Rd1 48. fxe5 Rxe5 49. Rc2 d3 50. Rc3 Re2 51. Nxd3 Rxd3 52. Rxd3 Rxf2 53. Rd5 Rxb2 54. Rxb5 Kh7 55. Kg3 Ne3 56. Kf3 Nxg2 57. Rb7 Ne1+ 58. Ke4 Nc2 59. b5 Na3 60. b6 Nc4 61. Rc7 Nxb6 62. Kf5 Nd5 63. Rd7 Ne3+ 64. Ke6 Nc4 65. Rc7 Ne5 66. Ke7 Rb8 67. Ra7 Nc6+ 0-1

[Event "*** Qualifier 2: Titled Tuesday 3|2 Blitz"]
[Site "Chess.com"]
[Date "2017.04.11"]
[Round "2"]
[White "Sebastian"]
[Black "TheLancer"]
[Result "1-0"]
[WhiteElo "2697"]
[BlackElo "2476"]
[TimeControl "180+2"]
[EndTime "13:24:16 PDT"]
[Termination "Sebastian won by resignation"]

1. e4 c5 2. Nf3 g6 3. d4 cxd4 4.
Nxd4 Bg7 5. c4 Nc6 6. Be3 Nf6 7.
Nc3 d6 8. Be2 Nxd4 9. Bxd4 O-O 10. O-O Bd7 11. Qd2 a5 12. f3 Bc6 13. b3 Nd7 14. Be3 Nc5 15. Rab1 e6 16. Bd4 Be5 17. Qe3 Qf6 18. Bxe5 Qxe5 19. f4 Qf6 20. Rbd1 Qe7 21. Rd2 b6 22. Bf3 Rad8 23. Rfd1 Ba8 24. Nb5 e5 25.
Nxd6 exf4 26. Qxf4 Ne6 27. Qe5 Qc7 28. Qf6 Qc5+ 29. Kh1 Qe3 30. Rd3 Qg5 31. Qxg5 Nxg5 32. Kg1 Ne6 33. Kf2 Rd7 34. Ke3 Rfd8 35. Bg4 Re7 36.
Bxe6 Rxe6 37. Kf4 f6 38. Rd4 Rd7 39. Nb5 Rxe4+ 40. Rxe4 Rxd1 41. Re8+ Kf7 42. Rxa8 Rd2 43.
g4 Rxh2 44. a4 g5+ 45. Kg3 Rb2 46. Nd4 Kg6 47. Rg8+ Kf7 48. Rb8 Kg6 49. Rxb6 Rd2 50. Rd6 h5 51. gxh5+ Kxh5 52. Nf5 Rb2 53. Rb6 Kg6 54.
Ne7+ Kh5 55. c5 Rc2 56. Rxf6 Rxc5 57. Rf5 Rc3+ 58. Rf3 Rc5 59. Re3 Rc2 60. Nd5 Rd2 61. Nf6+ Kg6 62. Ng4 Rb2 63. Nf2 Kf5 64. Rf3+ Kg6 65. Ng4 Rc2 66. Rf6+ Kg7 67. Rb6 Rc3+ 68. Kf2 Kf7 69. Ne3 Rd3 70. Kf3 g4+ 71. Ke4 Rd2 72.
Nxg4 Ke7 73. Ne5 Re2+ 74. Kd4 1-0